 Dungeon Crawl Stone Soup version 0.31-a0-239-g0a1456f148 (webtiles) character file.

Game seed: 16269454989582715713

10212 qw the Skirmisher (level 11, -10/97 HPs)
             Began as a Minotaur Hexslinger on July 11, 2023.
             Was an Elder of Okawaru.
             Mangled by a two-headed ogre
             ... wielding a +0 giant club
              (22 damage)
             ... on level 11 of the Dungeon.
             The game lasted 00:03:52 (8653 turns).

qw the Skirmisher (Minotaur Hexslinger)             Turns: 8653, Time: 00:03:52

Health: -10/97     AC: 17    Str: 15    XL:     11   Next: 33%
Magic:  17/17      EV: 16    Int: 10    God:    Okawaru [****..]
Gold:   1171       SH:  0    Dex: 17    Spells: 11/12 levels left

rFire   . . .        a - +3 sling (heavy)
rCold   . . .        (no shield)
rNeg    . . .        m - +8 ring mail "Wateran" {Str+2}
rPois   +            (helmet restricted)
rElec   .            c - +1 cloak {Will+}
rCorr   .            (no gloves)
SInv    +            (no boots)
Will    +....        i - amulet of faith
Stlth   ++           e - ring of poison resistance
HPRegen 0.36/turn    q - ring of see invisible
MPRegen 0.15/turn

%: faith
@: heroic, marked
A: horns 2, retaliatory headbutt
a: Renounce Religion, Heroism, Finesse


You were on level 11 of the Dungeon.
You worshipped Okawaru.
Okawaru was greatly pleased with you.
You visited 1 branch of the dungeon, and saw 11 of its levels.
You also visited: Sewer.

You collected 1171 gold pieces.


Innate Abilities, Weirdness & Mutations

You have a pair of horns on your head.
You reflexively headbutt those who attack you in melee.


   Skills:
 + Level 9.3(14.3) Fighting
 - Level 14.0(19.0) Ranged Weapons
 - Level 4.3(9.3) Armour
 - Level 6.0(11.0) Dodging
 - Level 1.0 Spellcasting
 - Level 2.0 Hexes
 - Level 10.1 Invocations


You had 11 spell levels left.
You knew the following spells:

 Your Spells              Type           Power      Damage    Failure   Level
a - Slow                  Hex            16%        N/A       26%         1

Your spell library contained the following spells:

 Spells                   Type           Power      Damage    Failure   Level
 Inner Flame              Hex/Fire       2%         N/A       75%         3
 Portal Projectile        Hex/Tloc       4%         N/A       75%         3
 Cause Fear               Hex            2%         N/A       95%         4

Inventory:

Hand Weapons
 a - a +3 heavy sling (weapon)
Armour
 c - a +1 cloak of willpower (worn)
 m - the +8 ring mail "Wateran" (worn) {Str+2}
   (You found it on level 3 of the Dungeon)

   Str:       It affects your strength (+2).
 t - the +5 robe of Night {Dark Will+ SInv}
   (You found it on level 8 of the Dungeon)

   Dark:      It shrouds the wearer in darkness, reducing the range at which
   they can see and be seen by others.
   SInv:      It lets you see invisible.
   Will:      It increases your willpower.
Jewellery
 e - a ring of poison resistance (left hand)
 i - an amulet of faith (around neck)
 o - a +4 ring of slaying {mikee}
 q - a ring of see invisible (right hand)
 r - a ring of poison resistance
Wands
 p - a wand of digging (4)
Scrolls
 f - a scroll of identify
Potions
 b - a potion of haste
 d - 2 potions of magic
 g - a potion of mutation
 k - a potion of enlightenment
 l - a potion of curing
 s - a potion of resistance {unknown}

Dungeon Overview and Level Annotations

Branches:
Dungeon (11/15)            Temple (0/1) D:5             Orc (0/2) D:10
  Sewer (visited)
   Lair: D:8-11

Altars:
Cheibriados
Gozag
Hepliaklqana
Nemelex Xobeh
Okawaru
Trog
Vehumet
Wu Jian
Xom
The Shining One

Shops:
D:1 :

Annotations:
D:3 1 runed translucent door, 2 transporters, Crazy Yiuf; qw's ghost, amateur MiHs
D:8 2 transporters, qw's ghost, novice GrFi
D:11 Harold


Message History

Enter note:
Enter note:
Enter note:
Enter note:
Enter note:
Enter note:
Enter note:
Enter note:
Enter note:
Enter note:
Enter note:
Enter note:
Enter note:
Enter note:
Enter note:
Enter note: You shoot a sling bullet.
The sling bullet hits the two-headed ogre!!
The two-headed ogre is moderately wounded.
You shoot a sling bullet.
The sling bullet hits the two-headed ogre but does no damage.
The two-headed ogre is moderately wounded.
You shoot a sling bullet.
The sling bullet hits the two-headed ogre.
The two-headed ogre is heavily wounded.
You shoot a sling bullet.
The sling bullet hits the two-headed ogre!
The two-headed ogre is heavily wounded.
You shoot a sling bullet.
The sling bullet hits the two-headed ogre!
The two-headed ogre is severely wounded.
The two-headed ogre barely misses you.
The two-headed ogre hits you with a +0 giant spiked club!
The howler monkey hoots and howls with incredible vigour!
You shoot a sling bullet.
The sling bullet hits the two-headed ogre!
The two-headed ogre is almost dead.
The howler monkey closely misses you.
The two-headed ogre hits you with a +0 giant club!!
You die...

#.......
#.........##
#....##.
#.........'
#....##.
#...[.....#
#....###
#.........#
#....#
#.........#
#....#
#.........#
.....#
#...hO....#
##....#
#....@....#
#.#########


You could see a two-headed ogre and a howler monkey (catching breath).

Vanquished Creatures
  A boulder beetle (D:10)
  A two-headed ogre (D:9)
  Maurice (D:8)
  A gargoyle (D:11)
  Psyche (D:9)
  A troll (D:10)
  4 dream sheep (D:8)
  A vampire (D:9)
  Sigmund (D:3)
  2 shadows (D:8)
  Eustachio (D:4)
  A wyvern (D:8)
  9 yaks (D:10)
  2 steam dragons (D:9)
  2 wargs (D:10)
  Duvessa (D:6)
  An acid dragon (D:9)
  2 water moccasins
  2 orc warriors
  An ice beast (D:8)
  Pargi (Sewer)
  2 sky beasts (D:8)
  5 ogres
  A phantom (D:7)
  A bullfrog (D:9)
  3 gnoll sergeants
  A scorpion (D:6)
  Dowan (D:6)
  5 wights (D:9)
  8 killer bees
  2 howler monkeys (D:8)
  2 jellies
  6 hounds
  5 orc priests
  A gnoll bouda (D:10)
  2 iguanas
  6 orc wizards
  Robin (D:2)
  14 gnolls
  8 adders
  2 white imps (D:6)
  2 worms
  A dart slug (D:3)
  26 orcs
  7 endoplasms
  6 giant cockroaches
  26 goblins
  10 hobgoblins
  9 jackals
  6 kobolds
  4 quokkas
  6 ball pythons
  3 bats
  7 frilled lizards
  8 rats
234 creatures vanquished.

Notes
Turn   | Place    | Note
-------+----------+-------------------------------------------
     0 | D:1      | qw the Minotaur Hexslinger began the quest for the Orb.
     0 | D:1      | Reached XP level 1. HP: 16/16 MP: 1/1
     0 | D:1      | 0 ||| qw: Version: 0.3-a-52-g30416fa
     0 | D:1      | 0 ||| qw: Game counter: 5937
     0 | D:1      | 0 ||| qw: Melee chars always use a shield: true
     0 | D:1      | 0 ||| qw: God list: Okawaru
     0 | D:1      | 0 ||| qw: Allow faded altars: false
     0 | D:1      | 0 ||| qw: Do Orc after clearing Dungeon:15 true
     0 | D:1      | 0 ||| qw: Do second Lair branch before Depths: true
     0 | D:1      | 0 ||| qw: Lair rune preference: random
     0 | D:1      | 0 ||| qw: Goals: Normal
     0 | D:1      | 0 ||| PLANNING D:1-11
    52 | D:1      | Reached skill level 3 in Ranged Weapons
    95 | D:1      | Reached XP level 2. HP: 23/23 MP: 2/2
   235 | D:1      | Found Iseat's Book Shoppe.
   505 | D:1      | Reached XP level 3. HP: 29/29 MP: 3/3
   640 | D:1      | 640 ||| UPGRADING to +0 leather armour.
   650 | D:1      | 650 ||| DROPPING +0 robe.
   651 | D:1      | 651 ||| UPGRADING to +0 ring mail.
   661 | D:1      | 661 ||| DROPPING +0 leather armour.
   662 | D:1      | 662 ||| READING scroll labelled ULOTUHULLE.
   663 | D:1      | 663 ||| READING scroll labelled FINNYIDAGI.
   664 | D:1      | 664 ||| READING scroll labelled WON IREBOLAA.
   665 | D:1      | 665 ||| READING scroll labelled LIKIUM JINY.
   666 | D:1      | 666 ||| DROPPING scroll of poison.
   765 | D:2      | Noticed Robin
   766 | D:2      | Reached skill level 4 in Ranged Weapons
   774 | D:2      | Reached skill level 1 in Armour
   783 | D:2      | Killed Robin
   872 | D:2      | Reached XP level 4. HP: 36/36 MP: 4/4
  1052 | D:2      | Found a shimmering altar of Xom.
  1371 | D:2      | 1371 ||| UPGRADING to ring of poison resistance.
  1372 | D:2      | 1372 ||| READING scroll labelled COCEUNN OMOR.
  1376 | D:2      | 1376 ||| READING scroll labelled TAFOCK RAQYE.
  1377 | D:2      | 1377 ||| DRINKING 2 sedimented clear potions.
  1391 | D:3      | 1391 ||| STAIRDANCE
  1508 | D:3      | Identified the +1 leather armour of the Sun {rPois Dex+2
                  | Stlth-}
  1572 | D:3      | Reached skill level 5 in Ranged Weapons
  1572 | D:3      | 1572 ||| FLEEEEING.
  1575 | D:3      | 1575 ||| FLEEEEING.
  1576 | D:3      | 1576 ||| FLEEEEING.
  1577 | D:3      | 1577 ||| FLEEEEING.
  1578 | D:3      | 1578 ||| FLEEEEING.
  1579 | D:3      | 1579 ||| FLEEEEING.
  1580 | D:3      | 1580 ||| FLEEEEING.
  1593 | D:3      | Found a glowing golden altar of the Shining One.
  1594 | D:3      | Found an iron altar of Okawaru.
  1595 | D:3      | 1595 ||| PLANNING OKAWARU WORSHIP
  1595 | D:3      | 1595 ||| UPGRADING to +1 leather armour of the Sun {rPois
                  | Dex+2 Stlth-}.
  1605 | D:3      | 1605 ||| REMOVING ring of poison resistance.
  1606 | D:3      | 1606 ||| DROPPING +0 ring mail.
  1607 | D:3      | 1607 ||| READING scroll labelled GOADINNOTUW.
  1607 | D:3      | Identified a scroll of acquirement
  1607 | D:3      | 1607 ||| ACQUIRING 465 gold pieces
  1607 | D:3      | Acquired 465 gold pieces
  1608 | D:3      | Found a bloodstained altar of Trog.
  1624 | D:3      | Became a worshipper of Warmaster Okawaru
  1625 | D:3      | 1625 ||| PLANNING D:1-11
  1739 | D:3      | Found a runed translucent door.
  1740 | D:3      | Noticed Crazy Yiuf
  1766 | D:3      | Noticed Sigmund
  1778 | D:3      | Killed Sigmund
  1778 | D:3      | Reached * piety under Okawaru
  1779 | D:3      | Reached XP level 5. HP: 22/48 MP: 5/5
  1779 | D:3      | Reached XP level 6. HP: 25/56 MP: 6/6
  1905 | D:3      | Found a transporter.
  1917 | D:3      | Found a transporter.
  1917 | D:3      | Noticed qw's ghost (amateur MiHs)
  1933 | D:3      | Identified the +8 ring mail "Wateran" {Str+2}
  2018 | D:3      | 2018 ||| DROPPING +3 leather armour.
  2019 | D:3      | 2019 ||| UPGRADING to +8 ring mail "Wateran" {Str+2}.
  2029 | D:3      | 2029 ||| DROPPING +1 leather armour of the Sun {rPois Dex+2
                  | Stlth-}.
  2030 | D:3      | 2030 ||| UPGRADING to ring of poison resistance.
  2031 | D:3      | 2031 ||| READING scroll labelled RECLAF EFUCW.
  2032 | D:3      | 2032 ||| READING scroll labelled FOMNOE BILIYSH.
  2033 | D:3      | 2033 ||| DRINKING 2 puce potions.
  2034 | D:3      | 2034 ||| DROPPING potion of attraction.
  2056 | D:4      | 2056 ||| PLANNING SEWER
  2058 | D:4      | 2058 ||| STAIRDANCE
  2213 | D:4      | Reached skill level 1 in Invocations
  2213 | D:4      | 2213 ||| INVOKING Heroism.
  2232 | D:4      | 2232 ||| STAIRDANCE
  2327 | D:4      | 2327 ||| INVOKING Heroism.
  2331 | D:4      | Reached skill level 6 in Ranged Weapons
  2393 | D:4      | Noticed Eustachio
  2394 | D:4      | 2394 ||| INVOKING Heroism.
  2401 | D:4      | 2401 ||| Stepping ~*~*~tactically~*~*~ (outnumbered).
  2403 | D:4      | Reached XP level 7. HP: 60/61 MP: 5/7
  2406 | D:4      | 2406 ||| INVOKING Heroism.
  2411 | D:4      | Killed Eustachio
  2412 | D:4      | Reached skill level 7 in Ranged Weapons
  2449 | D:4      | Found a snail-covered altar of Cheibriados.
  2476 | D:4      | Found a shimmering altar of Xom.
  2481 | D:4      | 2481 ||| INVOKING Heroism.
  2482 | D:4      | 2482 ||| INVOKING Heroism.
  2554 | D:4      | Found a glowing drain.
  2556 | D:4      | 2556 ||| READING 2 scrolls of identify.
  2556 | D:4      | 2556 ||| IDENTIFYING metallic dark potion
  2557 | D:4      | 2557 ||| DROPPING potion of degeneration.
  2571 | Sewer    | Entered a sewer
  2588 | Sewer    | Noticed Pargi
  2599 | Sewer    | Killed Pargi
  2633 | Sewer    | Reached skill level 8 in Ranged Weapons
  2640 | Sewer    | 2640 ||| Stepping ~*~*~tactically~*~*~ (water).
  2741 | Sewer    | 2741 ||| READING scroll labelled JUMOGID ETIFO.
  2742 | Sewer    | 2742 ||| READING scroll labelled UHIB VUOJE.
  2743 | Sewer    | 2743 ||| READING scroll labelled QEFAOM ESMIMOERA.
  2748 | D:4      | 2748 ||| PLANNING D:1-11
  2944 | D:4      | 2944 ||| INVOKING Heroism.
  2978 | D:4      | 2978 ||| READING 2 scrolls of identify.
  2978 | D:4      | 2978 ||| IDENTIFYING cyan potion
  2990 | D:5      | Entered Level 5 of the Dungeon
  2991 | D:5      | 2991 ||| INVOKING Heroism.
  2995 | D:5      | Reached skill level 3 in Invocations
  2995 | D:5      | Reached XP level 8. HP: 68/68 MP: 6/9
  3129 | D:5      | 3129 ||| READING scroll of enchant weapon.
  3129 | D:5      | 3129 ||| ENCHANTING +2 heavy sling.
  3149 | D:5      | Found a staircase to the Ecumenical Temple.
  3379 | D:5      | 3379 ||| FLEEEEING.
  3380 | D:5      | 3380 ||| FLEEEEING.
  3381 | D:5      | 3381 ||| FLEEEEING.
  3382 | D:5      | 3382 ||| FLEEEEING.
  3383 | D:5      | 3383 ||| FLEEEEING.
  3386 | D:5      | 3386 ||| FLEEEEING.
  3387 | D:5      | 3387 ||| FLEEEEING.
  3388 | D:5      | 3388 ||| FLEEEEING.
  3389 | D:5      | 3389 ||| FLEEEEING.
  3390 | D:5      | 3390 ||| FLEEEEING.
  3391 | D:5      | 3391 ||| FLEEEEING.
  3392 | D:5      | 3392 ||| FLEEEEING.
  3393 | D:5      | 3393 ||| FLEEEEING.
  3394 | D:5      | 3394 ||| FLEEEEING.
  3397 | D:5      | 3397 ||| FLEEEEING.
  3398 | D:5      | 3398 ||| FLEEEEING.
  3399 | D:5      | 3399 ||| FLEEEEING.
  3400 | D:5      | 3400 ||| FLEEEEING.
  3401 | D:5      | 3401 ||| FLEEEEING.
  3402 | D:5      | 3402 ||| FLEEEEING.
  3403 | D:5      | 3403 ||| FLEEEEING.
  3404 | D:5      | 3404 ||| FLEEEEING.
  3405 | D:5      | 3405 ||| FLEEEEING.
  3406 | D:5      | 3406 ||| FLEEEEING.
  3407 | D:5      | 3407 ||| FLEEEEING.
  3409 | D:5      | 3409 ||| FLEEEEING.
  3410 | D:5      | 3410 ||| FLEEEEING.
  3411 | D:5      | 3411 ||| FLEEEEING.
  3412 | D:5      | 3412 ||| FLEEEEING.
  3413 | D:5      | 3413 ||| FLEEEEING.
  3414 | D:5      | 3414 ||| FLEEEEING.
  3416 | D:5      | 3416 ||| FLEEEEING.
  3417 | D:5      | 3417 ||| FLEEEEING.
  3418 | D:5      | 3418 ||| FLEEEEING.
  3419 | D:5      | 3419 ||| FLEEEEING.
  3420 | D:5      | 3420 ||| FLEEEEING.
  3421 | D:5      | 3421 ||| FLEEEEING.
  3422 | D:5      | 3422 ||| FLEEEEING.
  3423 | D:5      | 3423 ||| FLEEEEING.
  3424 | D:5      | 3424 ||| FLEEEEING.
  3425 | D:5      | 3425 ||| FLEEEEING.
  3426 | D:5      | 3426 ||| FLEEEEING.
  3427 | D:5      | 3427 ||| FLEEEEING.
  3428 | D:5      | 3428 ||| FLEEEEING.
  3429 | D:5      | 3429 ||| FLEEEEING.
  3430 | D:5      | 3430 ||| FLEEEEING.
  3433 | D:5      | 3433 ||| FLEEEEING.
  3434 | D:5      | 3434 ||| FLEEEEING.
  3435 | D:5      | 3435 ||| FLEEEEING.
  3436 | D:5      | 3436 ||| FLEEEEING.
  3437 | D:5      | 3437 ||| FLEEEEING.
  3438 | D:5      | 3438 ||| FLEEEEING.
  3439 | D:5      | 3439 ||| STAIRDANCE
  3463 | D:4      | 3463 ||| READING 2 scrolls of identify.
  3463 | D:4      | 3463 ||| IDENTIFYING murky brown potion
  3464 | D:4      | 3464 ||| DRINKING potion of experience.
  3464 | D:4      | Reached skill level 12 in Ranged Weapons
  3464 | D:4      | Reached skill level 9 in Invocations
  3464 | D:4      | Reached XP level 9. HP: 74/74 MP: 9/15
  3509 | D:5      | 3509 ||| INVOKING Heroism.
  3733 | D:6      | Noticed Duvessa
  3733 | D:6      | Noticed Dowan
  3734 | D:6      | 3734 ||| INVOKING Heroism.
  3736 | D:6      | Reached skill level 3 in Dodging
  3740 | D:6      | Killed Duvessa
  3744 | D:6      | Killed Dowan
  4071 | D:6      | Found an ornate altar of the Wu Jian Council.
  4140 | D:6      | 4140 ||| INVOKING Heroism.
  4148 | D:6      | Reached skill level 6 in Fighting
  4281 | D:6      | 4281 ||| UPGRADING to amulet of faith.
  4286 | D:6      | 4286 ||| READING 3 scrolls of identify.
  4286 | D:6      | 4286 ||| IDENTIFYING fuming red potion
  4287 | D:6      | 4287 ||| READING 2 scrolls of identify.
  4287 | D:6      | 4287 ||| IDENTIFYING metallic black potion
  4288 | D:6      | 4288 ||| DROPPING potion of lignification.
  4293 | D:7      | Found a hazy altar of Hepliaklqana.
  4524 | D:7      | 4524 ||| INVOKING Heroism.
  4858 | D:7      | 4858 ||| INVOKING Heroism.
  4997 | D:7      | 4997 ||| UPGRADING to ring of see invisible.
  4998 | D:7      | 4998 ||| READING scroll labelled WIK QEINI.
  4999 | D:7      | 4999 ||| READING 2 scrolls labelled DUDAITHOUXKO.
  5000 | D:7      | 5000 ||| DROPPING scroll of immolation.
  5078 | D:8      | 5078 ||| Stepping ~*~*~tactically~*~*~ (outnumbered).
  5111 | D:8      | Found a radiant altar of Vehumet.
  5144 | D:8      | Found a sparkling altar of Nemelex Xobeh.
  5172 | D:8      | Noticed Maurice
  5185 | D:8      | Killed Maurice
  5186 | D:8      | Reached XP level 10. HP: 88/88 MP: 16/16
  5220 | D:8      | Reached ** piety under Okawaru
  5314 | D:8      | Found a transporter.
  5319 | D:8      | Found a transporter.
  5321 | D:8      | Noticed qw's ghost (novice GrFi)
  5647 | D:8      | Found an opulent altar of Gozag.
  5694 | D:8      | Reached skill level 3 in Armour
  5706 | D:8      | Reached *** piety under Okawaru
  5715 | D:8      | Reached skill level 13 in Ranged Weapons
  5735 | D:8      | Found the +5 robe of Night {Dark Will+ SInv}
  5801 | D:8      | 5801 ||| UPGRADING to +0 cloak of willpower.
  5806 | D:8      | 5806 ||| READING scroll of enchant armour.
  5806 | D:8      | 5806 ||| ENCHANTING +0 cloak of willpower.
  5807 | D:8      | 5807 ||| READING 2 scrolls of identify.
  5807 | D:8      | 5807 ||| IDENTIFYING brown potion
  5889 | D:9      | 5889 ||| INVOKING Heroism.
  6002 | D:9      | Noticed a two-headed ogre
  6003 | D:9      | 6003 ||| INVOKING Heroism.
  6009 | D:9      | Killed a two-headed ogre
  6010 | D:9      | Reached skill level 9 in Fighting
  6156 | D:9      | Noticed Psyche
  6157 | D:9      | 6157 ||| INVOKING Heroism.
  6166 | D:9      | Killed Psyche
  6353 | D:9      | 6353 ||| INVOKING Heroism.
  6581 | D:9      | 6581 ||| INVOKING Heroism.
  6585 | D:9      | HP: 6/91 [vampire/vampiric draining (19)]
  6586 | D:9      | 6586 ||| READING scroll of teleportation.
  6587 | D:9      | 6587 ||| DRINKING potion of heal wounds.
  6806 | D:9      | 6806 ||| Stepping ~*~*~tactically~*~*~ (cloud).
  6809 | D:9      | 6809 ||| INVOKING Heroism.
  6810 | D:9      | 6810 ||| Stepping ~*~*~tactically~*~*~ (cloud).
  7010 | D:9      | Identified the +0 chain mail of Aqaptu {*Corrode Slay+5}
  7084 | D:9      | 7084 ||| READING 3 scrolls of identify.
  7084 | D:9      | 7084 ||| IDENTIFYING white potion
  7085 | D:9      | 7085 ||| READING 2 scrolls of identify.
  7085 | D:9      | 7085 ||| IDENTIFYING red potion
  7086 | D:9      | 7086 ||| DROPPING potion of invisibility.
  7087 | D:9      | 7087 ||| DROPPING potion of brilliance.
  7096 | D:10     | Entered Level 10 of the Dungeon
  7113 | D:10     | 7113 ||| INVOKING Heroism.
  7123 | D:10     | Reached **** piety under Okawaru
  7124 | D:10     | Reached XP level 11. HP: 54/97 MP: 17/17
  7275 | D:10     | 7275 ||| INVOKING Heroism.
  7285 | D:10     | HP: 22/97 [yak (7)]
  7286 | D:10     | Reached skill level 14 in Ranged Weapons
  7286 | D:10     | 7286 ||| READING scroll of teleportation.
  7288 | D:10     | HP: 4/97 [yak (10)]
  7654 | D:10     | 7654 ||| INVOKING Heroism.
  7699 | D:10     | 7699 ||| Stepping ~*~*~tactically~*~*~ (outnumbered).
  7746 | D:10     | Found a staircase to the Orcish Mines.
  8254 | D:10     | Noticed a boulder beetle
  8256 | D:10     | 8256 ||| INVOKING Heroism.
  8277 | D:10     | Killed a boulder beetle
  8351 | D:10     | 8351 ||| READING scroll labelled JUXAFYSUIN.
  8513 | D:11     | Reached skill level 6 in Dodging
  8620 | D:11     | Noticed Harold
  8621 | D:11     | 8621 ||| INVOKING Heroism.
  8642 | D:11     | HP: 22/97 [Harold/harpoon shot (15)]
  8643 | D:11     | 8643 ||| READING scroll of teleportation.
  8647 | D:11     | Noticed a two-headed ogre
  8652 | D:11     | HP: 12/97 [two-headed ogre/+0 giant club (12)]
  8653 | D:11     | Mangled by a two-headed ogre

Levels and vault maps discovered:
D:1:      amcnicky_arrival_double_pillar, layout_basic, serial_shops,
          nicolae_shop_just_a_little_nook, minmay_misc_feat_tower
D:2:      layout_basic, basic_altar, uniq_robin
D:3:      layout_rooms, chequers_temple_overflow_statue_of_worship,
          gammafunk_ghost_mausoleum, uniq_crazy_yiuf_cottage, uniq_sigmund
D:4:      layout_rooms, mainiacjoe_overflow_boulevard, xom_butterflies,
          portal_sewer_entry_a, uniq_eustachio
D:5:      layout_basic, minmay_temple_entry_mini_moons
D:6:      layout_rooms, mainiacjoe_overflow_brackets, uniq_duvessa
D:7:      layout_basic, nicolae_hepliaklqana_hazy_memory
D:8:      layout_basic, vehumet_crystals, grunt_gozag_breadcrumbs,
          overflow_temple_1_default, gammafunk_ghost_hive,
          hellmonk_guarded_unrand_night, uniq_maurice
D:9:      kennysheep_steamy, layout_irregular_city,
          chequers_serial_rivers_marsh, uniq_psyche
D:10:     layout_roguey, erik_orc_3, nzn_sisyphean_effort
D:11:     layout_roguey, lair_entry_dummy, kennysheep_vampire_church,
          uniq_harold

Skill      XL: |  1  2  3  4  5  6  7  8  9 10 11 |
---------------+----------------------------------+-----
Ranged Weapons | 3 4 5 6 8 12 13 14 | 14.0
Fighting       | 2 5 7 9 |  9.3
Armour         | 1 2 3 4 |  4.3
Invocations    | 1 3 9 10 | 10.1
Dodging        | 4 5 6 |  6.0
Spellcasting   | |  1.0
Hexes          | |  2.0

Action                     |  1- 3 |  4- 6 |  7- 9 | 10-12 || total
---------------------------+-------+-------+-------+-------++-------
   Fire: Sling             |    96 |   148 |   211 |   283 ||   738
 Invoke: Heroism           |       |     3 |     9 |    11 ||    23
    Use: Scroll            |     4 |     5 |    11 |     8 ||    28
         Potion            |       |     2 |     1 |     1 ||     4
 Armour: Robe              |     3 |       |       |       ||     3
         Ring mail         |    15 |    25 |    61 |    68 ||   169
         Leather armour    |       |     1 |       |       ||     1
  Dodge: Dodged            |    36 |    48 |    81 |   150 ||   315

Table legend:
 A = Non-vault XP
 B = Vault XP
 C = Vault XP percentage of total XP
 D = Non-vault monster count
 E = Vault monster count
 F = Vault count percentage of total count
                 A         B        C        D         E       F
            +---------+---------+-------+---------+---------+-------
      Total |    8185 |    4785 |  36.9 |     180 |      54 |  23.1
            +---------+---------+-------+---------+---------+-------
        D:1 |      41 |       0 |   0.0 |      22 |       0 |   0.0
        D:2 |      52 |      35 |  40.2 |      21 |      11 |  34.4
        D:3 |     203 |     214 |  51.3 |      30 |       1 |   3.2
        D:4 |     428 |     216 |  33.5 |      18 |       6 |  25.0
        D:5 |     541 |       0 |   0.0 |       9 |       0 |   0.0
        D:6 |     493 |     232 |  32.0 |      12 |       2 |  14.3
        D:7 |     702 |       0 |   0.0 |      13 |       0 |   0.0
        D:8 |     967 |    1897 |  66.2 |      17 |       7 |  29.2
        D:9 |    2051 |     691 |  25.2 |      18 |       3 |  14.3
       D:10 |    2219 |    1348 |  37.8 |      16 |      15 |  48.4
       D:11 |     488 |       0 |   0.0 |       4 |       0 |   0.0
      Sewer |       0 |     152 | 100.0 |       0 |       9 | 100.0
            +---------+---------+-------+---------+---------+-------
